 Dungeon Crawl Stone Soup version 0.22-a0-467-g5c5de1c (webtiles) character file.

74 Supreme the Shooter (level 4, -3/35 HPs)
             Began as a Centaur Arcane Marksman on June 10, 2018.
             Killed by divine providence
             ... invoked by an orc priest
              (8 damage)
             ... on level 3 of the Dungeon.
             The game lasted 00:13:17 (1879 turns).

Supreme the Shooter (Centaur Arcane Marksman)       Turns: 1879, Time: 00:13:17

Health: -3/35      AC:  4    Str: 17    XL:     4   Next: 10%
Magic:  5/5        EV:  9    Int: 12    God:
Gold:   63         SH:  0    Dex: 10    Spells: 2/5 levels left

rFire    . . .     SeeInvis .   a - +0 shortbow
rCold    . . .     Gourm    .   (shield currently unavailable)
rNeg     . . .     Faith    .   e - +0 robe
rPois    .         Spirit   .   (no helmet)
rElec    .         Reflect  .   (no cloak)
rCorr    .         Harm     .   (no gloves)
MR       .....     Rnd*Tele +   (no barding)
Stlth    +.........             (no amulet)
HPRegen  0.11/turn              i - ring of teleportation (curse)
MPRegen  0.09/turn              m - +4 ring of strength

@: very quick
A: large, hooves 3, deformed body, speed 2, tough skin 3
a: no special abilities


You were on level 3 of the Dungeon.
You were not hungry.

You visited 1 branch of the dungeon, and saw 3 of its levels.

You collected 63 gold pieces.

Inventory:

Hand Weapons
 a - a +0 shortbow (weapon)
 h - a +0 short sword
 p - a +1 falchion of protection
 s - a +0 short sword of freezing
Missiles
 f - 19 arrows (quivered)
 g - 20 bolts
Armour
 e - a +0 robe (worn)
Jewellery
 i - a cursed ring of teleportation (left hand)
 l - an uncursed ring of wizardry
 m - a +4 ring of strength (right hand)
Scrolls
 b - 3 scrolls of teleportation {unknown}
 c - a scroll of magic mapping {unknown}
 j - 3 scrolls of remove curse {unknown}
 k - 2 scrolls of enchant armour {unknown}
 n - a scroll of identify {unknown}
Potions
 o - a potion of curing {unknown}
 q - 3 potions of degeneration {unknown}
Comestibles
 d - 3 rations
 r - 3 chunks of flesh


   Skills:
 - Level 1.0 Fighting
 + Level 5.9 Bows
 - Level 1.3 Dodging
 - Level 1.0 Spellcasting
 - Level 2.6 Hexes


You had 2 spell levels left.
You knew the following spells:

 Your Spells              Type           Power        Failure   Level  Hunger
a - Corona                Hex            #......      10%         1    ##.....
b - Slow                  Hex            #.......     16%         2    ###....

Your spell library contained the following spells:

 Spells                   Type           Power        Failure   Level  Hunger
 Cause Fear               Hex            #.........   69%         4    #####..
 Portal Projectile        Hex/Tloc       #.....       45%         3    ####...
 Leda's Liquefaction      Hex/Erth       #.........   86%         4    #####..
 Inner Flame              Hex/Fire       #.......     45%         3    ####...


Dungeon Overview and Level Annotations

Branches:
Dungeon (3/15)

Altars:

Annotations:
D:3 Robin


Innate Abilities, Weirdness & Mutations

You have hooves in place of feet.
Armour fits poorly on your strangely shaped body.
You cover ground very quickly.
You have extremely tough skin. (AC +3)


Message History

The adder hisses angrily.
The orc shouts!
You hear a shout!
The orc priest completely misses you. The hound bites you.
A hobgoblin comes into view.
The goblin completely misses you. The orc barely misses you.
The orc priest mumbles some strange prayers to Beogh against you.
Beogh smites you!
* * * LOW HITPOINT WARNING * * *
The giant cockroach closely misses you. The orc hits you but does no damage.
The orc closely misses you.
An orc comes into view. It is wielding a club.
The hobgoblin hits you.
* * * LOW HITPOINT WARNING * * *
The orc barely misses you.
The orc priest looks encouraged for a moment.
The hobgoblin closely misses you. The adder bites you but does no damage.
The orc priest calls down the wrath of Beogh upon you.
Beogh smites you!
You die...

####.# ## #.#...#.#
#.......# #.......#
#.......#
#.......#######
#......o#.....#
#.....@.#####.#
#....Sh.# #.#
#...⌠g..# #)#
#...oloo# #.#
#...lo.g#####)########
#....s..#............#
#.....o.#.#...g...##.#
#.......#.....###.##.#
#...g...#.#.#.# #.##.#


You could see a hound, an orc priest, an adder, 5 orcs, a leopard gecko, a giant
cockroach, a hobgoblin, a goblin and a frilled lizard.

Vanquished Creatures
  2 adders (D:2)
  A worm (D:2)
  A leopard gecko (D:2)
  7 bats
  A giant cockroach (D:2)
  10 goblins
  4 hobgoblins
  8 jackals (D:1)
  A frilled lizard (D:2)
  7 kobolds
  2 rats (D:1)
44 creatures vanquished.

Notes
Turn   | Place    | Note
-------+----------+-------------------------------------------
     0 | D:1      | Supreme the Centaur Arcane Marksman began the quest for the Orb.
     0 | D:1      | Reached XP level 1. HP: 16/16 MP: 2/2
    80 | D:1      | Reached skill level 3 in Bows
   170 | D:1      | Reached XP level 2. HP: 23/23 MP: 3/3
   174 | D:1      | Learned a level 2 spell: Slow
   222 | D:1      | Reached skill level 4 in Bows
   746 | D:1      | Reached XP level 3. HP: 28/28 MP: 4/4
   992 | D:2      | Reached skill level 5 in Bows
  1515 | D:2      | Found a faded altar of an unknown god.
  1771 | D:3      | Reached XP level 4. HP: 29/35 MP: 5/5
  1800 | D:3      | Noticed Robin
  1872 | D:3      | HP: 6/35 [orc priest/divine providence (15)]
  1879 | D:3      | Killed from afar by an orc priest

Vault maps used:
D:1:      lightli_arrival_boilingwater, grunt_decor_arrowhead, st_stairs_12
D:2:      chequers_ecumenical_altar_twisty
D:3:      lemuel_round_altar, portal_sewer_entry_b, wad_rectangle_vault,
          uniq_robin

Skill      XL: |  1  2  3 |
---------------+----------+-----
Bows           | 3 4 5 |  5.9
Fighting       | |  1.0
Dodging        | |  1.3
Spellcasting   | |  1.0
Hexes          | |  2.6

Action                   |  1- 3 |  4- 6 || total
-------------------------+-------+-------++-------
Melee: Unarmed           |   104 |       ||   104
       Kick              |    17 |       ||    17
 Fire: Shortbow          |    69 |    16 ||    85
 Cast: Corona            |     5 |       ||     5
       Slow              |     1 |       ||     1
  Eat: Chunk             |     2 |       ||     2
Armor: Robe              |    92 |     5 ||    97
Dodge: Dodged            |    73 |    14 ||    87

Table legend:
 A = Spawn XP
 B = Non-spawn XP
 C = Spawn XP percentage of total XP
 D = Spawn monster count
 E = Non-spawn monster count
 F = Spawn count percentage of total count
 G = Total turns spent on level
                    A         B        C        D         E        F      G
               +---------+---------+-------+---------+---------+-------+---------
         Total |       0 |     107 |   0.0 |       0 |      44 |   0.0 |  1879
               +---------+---------+-------+---------+---------+-------+---------
           D:1 |       0 |      42 |   0.0 |       0 |      23 |   0.0 |   855
           D:2 |       0 |      52 |   0.0 |       0 |      14 |   0.0 |   873
           D:3 |       0 |      13 |   0.0 |       0 |       7 |   0.0 |   151
               +---------+---------+-------+---------+---------+-------+---------
